 Dungeon Crawl Stone Soup version 0.31-a0-960-g0fca184906 (webtiles) character file.

Game seed: 10350468799282888496

1627116 Hi5aMiFi the Conqueror (level 27, 266/273 HPs)
             Began as a Minotaur Berserker on Oct 24, 2023.
             Was the Champion of Trog.
             Escaped with the Orb
             ... and 3 runes on Oct 30, 2023!
             The game lasted 08:38:35 (82634 turns).

Hi5aMiFi the Conqueror (Minotaur Berserker)        Turns: 82634, Time: 08:38:35

Health: 266/273    AC: 44    Str: 36    XL:     27
Magic:  22/22      EV: 17    Int:  9    God:    Trog [******]
Gold:   2402       SH: 33    Dex: 15    Spells: 26/26 levels left

rFire   + . .        X - +9 broad axe (heavy)
rCold   + + .        i - +6 tower shield {rC+ rF+}
rNeg    + + .        E - +10 plate armour {ponderous}
rPois   .            (helmet restricted)
rElec   +            w - +2 cloak {Will+}
rCorr   +            m - +2 pair of gloves
SInv    +            k - +2 pair of boots
Will    +++..        A - amulet "Limur" {Reflect Str+4 SH+5}
Stlth   x              - ring "Xuwef" {rC+ rN+ rCorr SInv}
HPRegen 0.65/turn    T - ring "Dodeecro" {rElec rN+ Int+3 Dex+3}
MPRegen 0.18/turn

%: reflection
@: mighty, hasted, studying Short Blades, very quick
A: horns 2, retaliatory headbutt, iridescent scales 1, screaming 1
0: Orb of Zot
}: 3/15 runes: decaying, serpentine, silver
a: Renounce Religion, Berserk, Trog's Hand, Brothers in Arms


You escaped.
You worshipped Trog.
Trog was exalted by your worship.
You visited 10 branches of the dungeon, and saw 50 of its levels.
You also visited: Trove, Ossuary, Gauntlet and Wizlab.

You collected 10306 gold pieces.
You spent 7904 gold pieces at shops.

Inventory:

Hand Weapons
 X - a +9 heavy broad axe (weapon)
 Y - a +7 antimagic broad axe
Missiles
 y - 10 curare-tipped darts
 z - 10 silver javelins
 B - 7 throwing nets
 H - 17 boomerangs (quivered)
 I - 4 javelins
Armour
 i - a +6 tower shield of resistance (worn)
 j - a scarf of resistance
 k - a +2 pair of boots (worn)
 m - a +2 pair of gloves (worn)
 w - a +2 cloak of willpower (worn)
 E - a +10 plate armour of ponderousness (worn)
Jewellery
 q - the ring "Uhaigaq" {rC+ rN+ Int+2}
   (You found it on level 3 of the Crypt)

   [ring of positive energy]

   Int+2:     It affects your intelligence (+2).
   rC+:       It protects you from cold.
   rN+:       It protects you from negative energy.
 x - the ring "Xuwef" (left hand) {rC+ rN+ rCorr SInv}
   (You found it on level 1 of the Depths)

   [ring of positive energy]

   rC+:       It protects you from cold.
   rN+:       It protects you from negative energy.
   SInv:      It lets you see invisible.
   rCorr:     It protects you from acid and corrosion.
 A - the amulet "Limur" (around neck) {Reflect Str+4 SH+5}
   (You found it on level 3 of the Depths)

   [amulet of reflection]

   Reflect:   It reflects blocked missile attacks.
   Str+4:     It affects your strength (+4).
   SH+5:      It affects your SH (+5).
 L - a ring of poison resistance
 O - the ring "Fuvoh" {Fly rElec rC+ MP-9}
   (You took it off a deep elf zephyrmancer on level 3 of the Elven Halls)

   [ring of protection from cold]

   rC+:       It protects you from cold.
   rElec:     It insulates you from electricity.
   MP-9:      It affects your magic capacity (-9).
   Fly:       It grants you flight.
 P - the ring of Ekyas {rF+ Int+2}
   (You took it off a deep elf zephyrmancer on level 3 of the Elven Halls)

   [ring of protection from fire]

   Int+2:     It affects your intelligence (+2).
   rF+:       It protects you from fire.
 T - the ring "Dodeecro" (right hand) {rElec rN+ Int+3 Dex+3}
   (You took it off a necromancer on level 3 of the Crypt)

   [ring of positive energy]

   Int+3:     It affects your intelligence (+3).
   Dex+3:     It affects your dexterity (+3).
   rElec:     It insulates you from electricity.
   rN+:       It protects you from negative energy.
 V - the ring of Raxtekh {Ice Str+7}
   (You bought it in a shop on level 4 of the Snake Pit)

   [ring of ice]

   Ice:       It enhances your ice magic.
   Str+7:     It affects your strength (+7).
   rF-:       It makes you vulnerable to fire.
   rC+:       It protects you from cold.
Wands
 g - a wand of digging (16)
 o - a wand of charming (61)
 s - a wand of mindburst (58)
 t - a wand of light (9)
 C - a wand of roots (59)
Scrolls
 b - 6 scrolls of poison
 c - 3 scrolls of revelation
 d - 2 scrolls of silence
 e - 5 scrolls of teleportation
 n - 7 scrolls of fear
 p - 2 scrolls of fog
 r - 3 scrolls of blinking
 F - 10 scrolls of vulnerability
 J - 2 scrolls of butterflies
 W - 9 scrolls of immolation
Potions
 a - 2 potions of berserk rage
 f - 5 potions of heal wounds
 h - 21 potions of curing
 l - 7 potions of enlightenment
 u - 4 potions of haste
 v - a potion of attraction
 D - 4 potions of mutation
 G - 3 potions of might
 K - a potion of resistance
 N - 4 potions of invisibility
 R - 3 potions of cancellation
 U - 4 potions of lignification
Miscellaneous
 M - a tin of tremorstones (inert)
 Q - a phial of floods
 S - a sack of spiders
 Z - a phantom mirror


   Skills:
 O Level 27 Fighting
 - Level 22.1(24.0) Axes
 - Level 3.6(15.0) Maces & Flails
 - Level 16.0(20.9) Polearms
 + Level 20.8 Throwing
 - Level 22.0 Armour
 - Level 18.4 Dodging
 - Level 22.0 Shields
 + Level 19.4 Evocations


You had 26 spell levels left.
You didn't know any spells.
Your spell library was empty.

Dungeon Overview and Level Annotations

Branches:
Dungeon (15/15)            Temple (0/1) D:6            Lair (5/5) D:9
  Swamp (4/4) Lair:3        Snake (4/4) Lair:3        Slime (0/5) Lair:5
    Orc (2/2) D:11            Elf (3/3) Orc:2        Vaults (5/5) D:14
  Crypt (3/3) Vaults:2       Tomb (0/3) Crypt:3      Depths (4/4) D:15
    Zot (5/5) Depths:4    Ossuary (visited)          WizLab (visited)
Gauntlet (visited)

Altars:
Ashenzari
Cheibriados
Dithmenos
Fedhas
Kikubaaqudgha
Nemelex Xobeh
Okawaru
Ru
Trog
Vehumet
Wu Jian
Yredelemnul
Zin
The Shining One
Jiyva
Lugonu

Shops:
D:5 (   D:7 :   D:11 (   Orc:2 *:[   Snake:1 *   Snake:4 **   Depths:4 ::=

Portals:
Hell: Depths:1 Depths:2 Depths:3 Depths:4
Abyss: Depths:2 Depths:3 Depths:4
Pandemonium: Depths:2
Ziggurat: Depths:4

Annotations:
Zot:2 3 runed translucent doors, Civybe Ogenn's ghost, legendary DsFi; Giurur's ghost, veteran OgBe; Zeaxzic Paph's ghost, veteran OgBe


Innate Abilities, Weirdness & Mutations

You have a pair of horns on your head.
You reflexively headbutt those who attack you in melee.
You are partially covered in iridescent scales. (AC +2)
You occasionally shout uncontrollably at your foes.


Message History

The Hell Sentinel is heavily wounded.
The Hell Sentinel gestures at you.
You block the iron shot... and reflect it back!
The iron shot hits the Hell Sentinel!
Unknown command.
You chop the Hell Sentinel into pieces!!!
You headbutt the Hell Sentinel.
You kill the Hell Sentinel!
Trog accepts your kill.
Unknown command.
Unknown command.
Unknown command.
A Brimstone Fiend comes into view.
Your extra speed is starting to run out.
You feel yourself slow down.
You feel yourself speed up.
There is a stone staircase leading up here.
You climb upwards.
There is a stone staircase leading down here.
Unknown command.
Unknown command.
Aiming: Dig
Press: ? - help, Shift-Dir - straight line A rock wall.
This square is covered in magical glow.
The rock shatters into small pieces.
Okay, then.
Unknown command.
Aiming: Dig
Press: ? - help, Shift-Dir - straight line A rock wall.
This square is covered in magical glow.
The rock shatters into small pieces.
Blink to where?
Press: ? - help, Dir - move target
As you read the scroll of blinking, it crumbles to dust.
Blink to where?
Press: ? - help, Dir - move target
As you read the scroll of blinking, it crumbles to dust.
You have escaped!

############
≈≈≈≈≈≈≈≈≈≈≈≈≈≈≈≈#
≈≈≈≈≈≈≈≈~~~~~~~~#
≈≈≈≈≈≈~≈≈~~~~~~~#
≈≈≈≈≈~≈~~.~~~.~~#
≈≈≈≈~~~..~~.....#
#≈≈≈~~~~~.......##
#≈≈≈≈..~~.......# #####
#≈≈~~.~~@.[....8## #....
#≈~≈~~...........# #.###
#≈~~~~.......8...# #.#
#≈~~~............## #.#
#≈≈~~....8........###.###
#≈≈~..............#......
#≈~~~...............#.###
#≈~..8..............#.#
#≈≈~..###...........#.#


There were no monsters in sight!

Vanquished Creatures
  6 orbs of fire
  3 dread liches
  4 ancient liches
  4 juggernauts
  Sojobo (Vaults:2)
  A shard shrike (Zot:2)
  Xtahua (Vaults:4)
  5 Killer Klowns
  Vashnia (Snake:2)
  2 curse toes
  A caustic shrike (Depths:1)
  6 golden dragons
  Norris (Depths:1)
  A bone dragon (Depths:4)
  Nikola (Elf:1)
  A hellephant (Zot:5)
  A Tzitzimitl (D:15)
  A shard shrike zombie (Crypt:3)
  Mlioglotl (Snake:2)
  3 doom hounds (Zot:2)
  3 electric golems
  19 tentacled monstrosities
  3 Hell Sentinels
  A walking earthen tome (Depths:1)
  5 liches
  26 Orb Guardians
  2 deep elf blademasters
  Jorgrun (D:15)
  Grunn (Zot:2)
  2 deep elf master archers (Elf:3)
  2 walking divine tomes (Depths:3)
  A walking frostbound tome (Depths:1)
  8 quicksilver dragons
  An Executioner (Depths:4)
  4 titans
  6 sphinxes
  3 ancient champions
  11 shadow dragons
  8 death cobs
  Aizul (Snake:3)
  19 storm dragons
  10 tengu reavers
  3 revenants
  2 draconian monks
  Roxanne (D:15)
  2 fenstrider witches
  3 draconian knights
  12 deep elf sorcerers
  An emperor scorpion (shapeshifter) (Vaults:5)
  4 ghost moths
  5 nagarajas (Snake:4)
  23 vault wardens
  7 fire giants
  A balrug (Depths:2)
  4 draconian scorchers
  2 iron dragons (Depths:1)
  10 frost giants
  2 spriggan defenders (Depths:1)
  7 deep elf elementalists (Elf:3)
  2 curse skulls (Crypt:3)
  7 ghouls
  4 draconian shifters
  The ghost of notthatgreg the Marksspriggan, an adept SpHs of Fedhas (Swamp:4)
  2 cacodemons
  4 draconian annihilators
  4 reapers
  17 ironbound preservers
  A juggernaut zombie (Depths:3)
  8 draconian stormcallers
  2 war gargoyles (Vaults:5)
  A formless jellyfish (Vaults:4)
  13 very ugly things
  7 ironbound thunderhulks
  22 stone giants
  7 green draconians
  6 vampire knights
  2 juggernaut skeletons
  18 yellow draconians
  Azrael (D:12)
  7 black draconians
  The ghost of gelatine the Fighter, a journeyman DsGl (Lair:2)
  8 purple draconians
  5 eleionomae
  6 deep elf annihilators
  6 deep elf demonologists
  7 bunyips
  A minotaur (Gauntlet)
  3 spark wasps (Depths:2)
  8 dire elephants
  9 white draconians
  20 ettins
  11 deep elf death magi
  An acid blob zombie (Crypt:1)
  11 red draconians
  4 shambling mangroves
  Snorg (D:11)
  12 eidola
  13 fire dragons
  5 entropy weavers
  14 yaktaur captains
  Josephine (D:13)
  A mummy priest (Crypt:3)
  6 deep elf high priests
  13 great orbs of eyes
  12 hydras
  A peacekeeper (Vaults:4)
  6 ironbound frosthearts
  6 rakshasas
  39 vault guards
  5 ogre magi
  3 hell beasts
  A fenstrider witch zombie (Crypt:3)
  3 boulder beetles
  A quicksilver dragon skeleton (Depths:3)
  A hydra (shapeshifter) (Vaults:5)
  3 death knights (Crypt:1)
  8 ice dragons
  2 ghost crabs
  A catoblepas (Lair:1)
  5 salamander tyrants
  A spriggan skeleton (Crypt:3)
  5 alligators
  6 anacondas
  12 centaur warriors
  A merfolk avatar (Lair:5)
  2 sphinx skeletons
  7 spriggan air magi
  24 two-headed ogres
  A two-headed ogre (shapeshifter) (Depths:3)
  27 dancing weapons
  7 deep troll shamans
  13 deep troll earth magi
  10 tengu warriors
  A demonic crawler (Zot:5)
  13 naga warriors
  9 spriggan berserkers
  2 occultists
  A titan zombie (Depths:2)
  3 vampire magi
  28 naga sharpshooters
  An orc high priest (Elf:3)
  4 shock serpents
  9 soul eaters
  16 hell knights
  15 deep elf knights
  4 skysharks
  Sonja (Lair:3)
  11 iron trolls
  A shadow wraith (Crypt:2)
  A skyshark (shapeshifter) (D:15)
  4 salamander mystics
  Amaemon (D:11)
  3 sixfirhies
  36 skeletal warriors
  5 goliath frogs
  3 bunyip zombies
  A storm dragon skeleton (Crypt:1)
  A tengu zombie (Depths:3)
  A sea snake (Lair:5)
  17 deep elf archers
  A glowing orange brain (D:15)
  2 spriggan druids
  A sea snake (shapeshifter) (Depths:1)
  6 naga ritualists
  2 spectral hydras (Swamp:4)
  3 flayed ghosts
  36 deep trolls
  2 orange crystal statues
  A cherub (D:3)
  4 bog bodies
  10 phantasmal warriors
  A golden dragon skeleton (Depths:2)
  5 swamp dragons
  37 deep elf pyromancers
  11 arcanists
  26 necromancers
  A bunyip skeleton (Crypt:3)
  2 lindwurms (Vaults:4)
  4 anaconda skeletons
  15 mana vipers
  A broodmother zombie (Crypt:2)
  A tengu skeleton (Vaults:2)
  31 deep elf zephyrmancers
  2 harpies (Vaults:2)
  36 ugly things
  An orc sorcerer (Orc:2)
  15 ironbound convokers
  2 mana vipers (shapeshifter)
  7 wolf spiders (Crypt:3)
  A frost giant zombie (Depths:3)
  3 oklob plants (Swamp:4)
  11 salamanders
  6 will-o-the-wisps
  29 moths of wrath
  2 stone giant zombies (Crypt:3)
  3 manticores
  A moth of wrath (shapeshifter) (Depths:1)
  Maurice (D:8)
  4 cyclopes
  An iron dragon skeleton (Crypt:3)
  2 water nymphs (Swamp:4)
  A dire elephant zombie (Crypt:1)
  23 vault sentinels
  2 naga zombies (Crypt:3)
  37 black mambas
  8 elephants
  A smoke demon (D:3)
  4 centaur zombies (Crypt:3)
  4 guardian serpents
  An elephant slug zombie (Crypt:1)
  16 naga magi
  3 orange demons
  Maggie (Lair:2)
  A gargoyle (D:12)
  An unseen horror (shapeshifter) (Elf:2)
  An alligator snapping turtle zombie (Crypt:3)
  2 centaur skeletons (Crypt:1)
  3 dire elephant skeletons
  2 kobold demonologists (D:8)
  16 cane toads
  An unseen horror (D:12)
  20 yaktaurs
  A tormentor (Zot:5)
  9 komodo dragons
  14 freezing wraiths
  2 guardian mummies (Crypt:3)
  An ice devil (Gauntlet)
  10 hellwings (Crypt:3)
  4 hydra zombies
  6 trolls
  A sea snake skeleton (Crypt:2)
  A harpy zombie (Crypt:3)
  4 death drake zombies (Swamp:4)
  A polar bear (shapeshifter) (Vaults:5)
  A bloated husk (Swamp:2)
  A tengu simulacrum (Depths:2)
  A tarantella (Vaults:1)
  7 tyrant leeches
  A hydra skeleton (Swamp:4)
  20 hornets
  2 snapping turtles (Lair:5)
  2 harpy skeletons
  3 polar bears
  10 dream sheep
  17 blink frogs
  An ettin zombie (Crypt:1)
  A mana viper skeleton (Crypt:2)
  3 glass eyes
  A snapping turtle (shapeshifter) (Vaults:1)
  2 shadows
  5 flying skulls (Crypt:1)
  4 air elementals
  A culicivora (shapeshifter) (Depths:3)
  Sigmund (D:2)
  18 slime creatures
  A vampire (D:12)
  A deep troll skeleton (Vaults:2)
  3 jumping spiders
  3 ettin skeletons
  16 wraiths
  60 yaks
  18 spriggans
  A slime creature zombie (Crypt:1)
  2 water elementals
  A centaur simulacrum (D:15)
  A black mamba skeleton (Crypt:1)
  An ushabti (Crypt:3)
  4 basilisks
  A large abomination (Zot:5)
  6 wyverns
  An alligator snapping turtle simulacrum (Crypt:1)
  3 humans (D:14)
  An elf skeleton (Vaults:2)
  7 fire elementals
  10 vampire mosquitoes
  14 redbacks
  3 steam dragons
  A skyshark zombie (Crypt:1)
  2 swamp worms (shapeshifter)
  A warg (Orc:1)
  An acid dragon (D:9)
  21 swamp worms
  53 nagas
  A demonspawn zombie (Crypt:1)
  2 glowing shapeshifter skeletons
  Duvessa (D:4)
  3 hell hounds (D:12)
  6 hydra simulacra
  17 water moccasins
  2 ogre skeletons
  6 swamp drakes (Swamp:4)
  23 orc warriors
  An ice beast (D:5)
  5 sky beasts
  4 black bears
  2 swamp dragon zombies (Swamp:4)
  16 wolves
  4 boggarts
  24 ogres
  2 swamp dragon skeletons
  12 centaurs
  5 human skeletons (Vaults:2)
  A rime drake zombie (Crypt:2)
  2 phantoms
  4 kobold brigands
  13 bullfrogs
  4 scorpions
  6 earth elementals
  6 necrophages
  A gnoll sergeant (D:8)
  A water moccasin zombie (Ossuary)
  15 wights
  11 wyvern skeletons (Crypt:3)
  A warg zombie (Crypt:2)
  Dowan (D:4)
  5 spriggan zombies
  12 killer bees
  A yak skeleton (Crypt:1)
  2 electric eels
  A howler monkey (D:8)
  A wolf zombie (Crypt:2)
  A bullfrog zombie (Crypt:2)
  2 hounds (D:5)
  An iron imp (D:4)
  7 jellies
  A gnoll bouda (D:4)
  23 orc priests
  Terence (D:2)
  2 sleepcaps
  Natasha (thrice) (D:2)
  2 iguanas
  10 orc wizards
  5 hell rats (Lair:4)
  2 mummies (Ossuary)
  10 adders
  12 gnolls
  A swamp drake skeleton (Crypt:1)
  5 white imps
  2 ufetubi (Gauntlet)
  4 adder zombies (Ossuary)
  A lava snake skeleton (Crypt:1)
  2 worms
  7 dart slugs
  71 orcs
  8 bats
  7 endoplasms
  4 giant cockroaches
  8 goblins
  8 hobgoblins
  4 quokkas
  4 ball pythons
  6 frilled lizards
  4 gnoll zombies (Ossuary)
  7 hobgoblin zombies (Ossuary)
  15 kobolds
  6 kobold zombies (Ossuary)
  4 orc zombies (Ossuary)
  6 rats
  A spectral hobgoblin (D:2)
  16 butterflies (Vaults:1)
  A spectral weapon (Elf:2)
2358 creatures vanquished.

Vanquished Creatures (collateral kills)
  A tentacled monstrosity (Swamp:2)
  A deep elf blademaster (Elf:3)
  A deep elf master archer (Elf:3)
  2 thorn hunters (Swamp:4)
  A shadow dragon (Zot:5)
  A deep elf sorcerer (Elf:3)
  Louise (Swamp:1)
  A frost giant (Depths:1)
  A vault warden (Vaults:3)
  A ghost moth (Zot:5)
  An ironbound preserver (Vaults:3)
  2 vampire knights (Depths:1)
  An eleionoma (Swamp:2)
  A deep elf demonologist (Elf:3)
  A bunyip (Swamp:1)
  A deep elf annihilator (Elf:3)
  A dire elephant (Lair:5)
  An ettin (Depths:1)
  A fire dragon (Depths:1)
  A deep elf high priest (Elf:3)
  3 hydras
  An alligator (Swamp:1)
  A goliath frog (Swamp:1)
  A deep troll (Vaults:3)
  3 spriggan druids
  A sea snake (Lair:5)
  A deep elf zephyrmancer (Elf:3)
  A tengu conjurer (D:14)
  2 dream sheep (Lair:3)
  A slime creature (Vaults:3)
  3 yaks
  A basilisk (Lair:5)
41 creatures vanquished.

Vanquished Creatures (others)
  A hydra zombie (Swamp:4)
  A deep elf annihilator (Elf:3)
  A bunyip (Swamp:1)
  A vault guard (D:14)
  A salamander tyrant (Snake:4)
  A tengu warrior (D:14)
  2 deep elf knights (Elf:1)
  A deep elf archer (Elf:1)
  A deep elf pyromancer (Elf:1)
  4 deep elf zephyrmancers (Elf:1)
  2 bloated husks
  An orc priest (Orc:2)
  20 foxfires
  2 spectral weapons (Swamp:4)
39 creatures vanquished.

Grand Total: 2438 creatures vanquished

Notes
Turn   | Place    | Note
-------+----------+-------------------------------------------
     0 | D:1      | Hi5aMiFi the Minotaur Berserker began the quest for the
                  | Orb.
     0 | D:1      | Reached XP level 1. HP: 19/19 MP: 0/0
   152 | D:1      | Reached skill level 4 in Fighting
   297 | D:1      | Reached XP level 2. HP: 27/28 MP: 1/1
   959 | D:3      | Reached skill level 5 in Fighting
   959 | D:3      | Reached XP level 3. HP: 36/36 MP: 2/2
  1017 | D:3      | Reached ** piety under Trog
  1333 | D:3      | Reached XP level 4. HP: 42/42 MP: 3/3
  1417 | D:2      | Noticed Terence
  1742 | D:3      | Reached skill level 1 in Polearms
  2109 | D:4      | Reached skill level 6 in Fighting
  2113 | D:4      | Reached XP level 5. HP: 42/50 MP: 4/4
  2609 | D:4      | Noticed Duvessa
  2609 | D:4      | Noticed Dowan
  2842 | D:4      | Found a snail-covered altar of Cheibriados.
  2931 | D:4      | Found an iron altar of Okawaru.
  2953 | D:4      | Reached skill level 7 in Fighting
  2953 | D:4      | Reached XP level 6. HP: 45/60 MP: 5/5
  3264 | D:5      | Entered Level 5 of the Dungeon
  3264 | D:5      | Found Motikhlu's Antique Weapon Emporium.
  3456 | D:5      | Reached skill level 5 in Armour
  3541 | D:5      | Noticed an ice beast
  3552 | D:5      | Killed an ice beast
  3553 | D:5      | Reached skill level 1 in Evocations
  3553 | D:5      | Reached XP level 7. HP: 60/66 MP: 6/6
  3777 | D:5      | Reached *** piety under Trog
  4338 | D:5      | Reached skill level 5 in Polearms
  4451 | D:2      | Noticed Sigmund
  4451 | D:2      | Noticed Natasha
  4614 | D:2      | Found a faded altar of an unknown god.
  4625 | D:2      | Killed Terence
  5320 | D:6      | Reached XP level 8. HP: 65/73 MP: 7/7
  5447 | D:6      | Reached skill level 1 in Throwing
  6480 | D:6      | Found a staircase to the Ecumenical Temple.
  6504 | D:6      | Reached skill level 8 in Fighting
  7123 | D:7      | Found a glowing golden altar of the Shining One.
  7125 | D:7      | Found a sacrificial altar of Ru.
  7125 | D:7      | Found a shadowy altar of Dithmenos.
  7125 | D:7      | Found a radiant altar of Vehumet.
  7167 | D:7      | Reached XP level 9. HP: 80/81 MP: 8/8
  7728 | D:7      | Found Hygruno's Book Shoppe.
  8241 | D:7      | Reached skill level 5 in Evocations
  8275 | D:8      | Found a sand-covered staircase.
  8295 | Ossuary  | Entered an ossuary
  8344 | Ossuary  | Reached **** piety under Trog
  8499 | D:8      | Reached skill level 9 in Fighting
  8517 | D:8      | Reached skill level 10 in Armour
  8735 | D:8      | Found a broken altar of Ashenzari.
  8908 | D:8      | Noticed a kobold demonologist
  8920 | D:8      | Noticed an ice devil
  8921 | D:8      | Killed a kobold demonologist
  8922 | D:8      | Reached XP level 10. HP: 93/93 MP: 9/9
  8934 | D:8      | Noticed a two-headed ogre
  8939 | D:8      | Reached skill level 10 in Fighting
  8946 | D:8      | Killed a two-headed ogre
  8947 | D:8      | Noticed Maurice
  8959 | D:8      | Noticed a soul eater
  8959 | D:8      | Something stole a ring of ice
  8961 | D:8      | Reached skill level 10 in Polearms
  8961 | D:8      | Something stole a serpent talisman
  8962 | D:8      | Something stole a +0 glaive
  8963 | D:8      | Something stole 407 gold
  8967 | D:8      | Killed Maurice
  9551 | D:4      | Killed Duvessa
  9553 | D:4      | Killed Dowan
  9651 | D:2      | Killed Natasha
  9786 | D:2      | Killed Sigmund
  9815 | D:2      | Noticed Natasha
  9824 | D:2      | Killed Natasha
  9909 | D:2      | Noticed Natasha
  9910 | D:2      | Killed Natasha
 10747 | D:9      | Noticed an elephant
 10758 | D:9      | Killed an elephant
 10802 | D:9      | Found a staircase to the Lair.
 10864 | D:9      | Noticed a two-headed ogre
 10873 | D:9      | Killed a two-headed ogre
 10874 | D:9      | Reached XP level 11. HP: 101/101 MP: 10/10
 10957 | D:9      | Reached skill level 11 in Fighting
 11400 | D:9      | Found an ornate altar of the Wu Jian Council.
 11539 | D:10     | Entered Level 10 of the Dungeon
 11632 | D:10     | Found a blossoming altar of Fedhas.
 11636 | D:10     | Noticed a two-headed ogre
 11642 | D:10     | Killed a two-headed ogre
 11782 | D:10     | Noticed a two-headed ogre
 11788 | D:10     | Reached ***** piety under Trog
 11794 | D:10     | Killed a two-headed ogre
 12061 | D:10     | Noticed a two-headed ogre
 12068 | D:10     | Killed a two-headed ogre
 12213 | D:15     | Identified the "Peng"
 12213 | Lair:1   | Entered Level 1 of the Lair of Beasts
 12267 | Lair:1   | Noticed a seven-headed hydra
 12281 | Lair:1   | Killed a seven-headed hydra
 12434 | Lair:1   | Noticed a catoblepas
 12505 | Lair:1   | Killed a catoblepas
 12506 | Lair:1   | Reached skill level 12 in Fighting
 12963 | Lair:1   | Reached XP level 12. HP: 87/113 MP: 11/11
 14073 | Lair:2   | Noticed Maggie
 14126 | Lair:3   | Reached skill level 15 in Armour
 14290 | Lair:3   | Noticed Sonja
 14313 | Lair:3   | Reached skill level 13 in Fighting
 14326 | Lair:3   | Killed Sonja
 14368 | Lair:3   | Found a staircase to the Snake Pit.
 14577 | Lair:3   | Noticed a five-headed hydra
 14584 | Lair:3   | Killed a six-headed hydra
 14644 | Lair:2   | Found a bloodstained altar of Trog.
 14644 | Lair:2   | Noticed gelatine's ghost (journeyman DsGl)
 14645 | Lair:2   | Found a transporter.
 14650 | Lair:2   | Found a transporter.
 14982 | Lair:2   | Reached skill level 15 in Polearms
 15091 | Lair:2   | Reached skill level 14 in Fighting
 15326 | Lair:2   | Killed Maggie
 15582 | Lair:3   | Reached XP level 13. HP: 105/124 MP: 12/12
 16019 | Lair:3   | Found a staircase to the Swamp.
 17131 | Lair:4   | Reached skill level 15 in Fighting
 17594 | D:9      | Identified the +12 executioner's axe of Eternal War {heavy,
                  | rElec Int+3 Dex+3 Stlth+}
 18119 | Lair:5   | Entered Level 5 of the Lair of Beasts
 18122 | Lair:5   | Reached skill level 1 in Axes
 18525 | Lair:5   | Noticed a dire elephant
 18541 | Lair:5   | Killed a dire elephant
 18579 | Lair:5   | Found a staircase to the Slime Pits.
 18602 | Lair:5   | Found a viscous altar of Jiyva.
 18665 | Lair:5   | Reached skill level 5 in Dodging
 18781 | Lair:5   | Received a gift from Trog
 18865 | Lair:5   | Reached skill level 5 in Axes
 19175 | Lair:5   | Reached XP level 14. HP: 128/135 MP: 13/13
 20179 | D:11     | Reached skill level 5 in Throwing
 20745 | D:11     | Identified the maw talisman of Slovenliness {Will+}
 20751 | D:11     | Noticed Snorg
 21001 | D:11     | Noticed Amaemon
 21019 | D:11     | Killed Amaemon
 21192 | D:11     | Killed Snorg
 21227 | D:11     | Found a staircase to the Orcish Mines.
 21246 | D:11     | Found Wutefar's Antique Weapon Emporium.
 21547 | D:12     | Noticed Azrael
 21549 | D:12     | Found a gate leading to a gauntlet.
 21553 | D:12     | Killed Azrael
 21587 | Gauntlet | Entered a Gauntlet
 21587 | Gauntlet | Found a transporter.
 21587 | Gauntlet | Found a transporter.
 21590 | Gauntlet | Found a transporter.
 21593 | Gauntlet | Found a transporter.
 21593 | Gauntlet | Found a transporter.
 21594 | Gauntlet | Found a transporter.
 21628 | Gauntlet | Found a transporter.
 21629 | Gauntlet | Found a transporter.
 21639 | Gauntlet | Found a transporter.
 21652 | Gauntlet | Noticed a cacodemon
 21655 | Gauntlet | Found a transporter.
 21660 | Gauntlet | Found a transporter.
 21679 | Gauntlet | Found a transporter.
 21814 | Gauntlet | Identified the +7 hand axe of Deformation {heavy, rF+
                  | rCorr} (Trog gifted it to you in a Gauntlet)
 21814 | Gauntlet | Received a gift from Trog
 23449 | D:13     | Reached skill level 10 in Axes
 23580 | D:13     | Noticed Josephine
 23588 | D:13     | Killed Josephine
 24361 | D:14     | Reached XP level 15. HP: 141/141 MP: 14/14
 24778 | D:14     | Found a sparkling altar of Nemelex Xobeh.
 25509 | D:14     | Found a gate to the Vaults.
 25766 | Orc:1    | Entered Level 1 of the Orcish Mines
 26090 | Orc:1    | Reached ****** piety under Trog
 26097 | Orc:1    | Reached skill level 10 in Dodging
 26174 | Orc:1    | Received a gift from Trog
 26397 | Orc:2    | Entered Level 2 of the Orcish Mines
 26690 | Orc:2    | Found a staircase to the Elven Halls.
 26979 | Orc:2    | Received a gift from Trog
 27363 | Orc:2    | Found Yptuop's Assorted Antiques.
 27363 | Orc:2    | Found Wisib's Antique Armour Shoppe.
 27387 | Orc:2    | Found Beykhluet's Book Shoppe.
 27390 | Orc:2    | Found Tosutom's General Store.
 27519 | Orc:2    | Bought a jade ring for 150 gold pieces
 27522 | Orc:2    | Bought a glowing plate armour for 1014 gold pieces
 27522 | Orc:2    | Bought a pair of glowing boots for 292 gold pieces
 27773 | Swamp:1  | Entered Level 1 of the Swamp
 28209 | Swamp:1  | Noticed Louise
 28216 | Swamp:1  | Killed Louise
 28289 | Swamp:1  | Paralysed by a hornet for 1 turns
 28781 | Swamp:1  | Received a gift from Trog
 28782 | Swamp:1  | Reached XP level 16. HP: 130/149 MP: 15/15
 29919 | Swamp:2  | Reached skill level 15 in Axes
 30016 | Swamp:2  | Noticed a tentacled monstrosity
 30090 | Swamp:2  | Killed a tentacled monstrosity
 31346 | Swamp:3  | Identified the +5 short sword "Diolur" {heavy, *Noise Drain
                  | Fly rPois}
 31863 | Swamp:4  | Entered Level 4 of the Swamp
 33065 | Swamp:4  | Found a runed translucent door.
 33070 | Swamp:4  | Noticed notthatgreg's ghost (adept SpHs)
 33198 | Swamp:4  | Received a gift from Trog
 33495 | Swamp:4  | Noticed a thorn hunter
 33498 | Swamp:4  | Killed a thorn hunter
 33504 | Swamp:4  | Noticed a thorn hunter
 33508 | Swamp:4  | Killed a thorn hunter
 33509 | Swamp:4  | Reached XP level 17. HP: 156/156 MP: 16/16
 33542 | Swamp:4  | Found a basalt altar of Yredelemnul.
 33554 | Swamp:4  | Got a decaying rune of Zot
 33612 | Swamp:4  | Found a blossoming altar of Fedhas.
 33856 | Swamp:4  | Killed notthatgreg's ghost
 34049 | Snake:1  | Entered Level 1 of the Snake Pit
 34585 | Snake:1  | Found a glowing silver altar of Zin.
 35139 | Snake:1  | Found Eczofu's Assorted Antiques.
 35149 | Snake:1  | Bought a potion of might for 164 gold pieces
 35149 | Snake:1  | Bought a potion of heal wounds for 205 gold pieces
 35451 | Snake:2  | Received a gift from Trog
 35605 | Snake:2  | Noticed Vashnia
 35641 | Snake:2  | Killed Vashnia
 36584 | Snake:2  | Noticed Mlioglotl
 36601 | Snake:2  | Killed Mlioglotl
 37214 | Snake:3  | Identified the serpent talisman of Resourcefulness {rElec
                  | rC- Str+5}
 37214 | Snake:3  | Noticed Aizul
 37226 | Snake:3  | Killed Aizul
 37363 | Snake:3  | Received a gift from Trog
 37407 | Snake:3  | Found a radiant altar of Vehumet.
 38143 | Snake:3  | Reached XP level 18. HP: 163/163 MP: 17/17
 38360 | Snake:4  | Entered Level 4 of the Snake Pit
 38636 | Snake:4  | Found Tidimi's Assorted Antiques.
 38640 | Snake:4  | Found Giemnack's Assorted Antiques.
 38664 | Snake:4  | Bought the +2 cloak of the Thief {*Fog Slay-2 SInv Stlth+}
                  | for 703 gold pieces
 38664 | Snake:4  | Found the +2 cloak of the Thief {*Fog Slay-2 SInv Stlth+}
 38723 | Snake:4  | Bought a crude brass ring for 145 gold pieces
 38723 | Snake:4  | Identified the ring of Raxtekh {Ice Str+7} (You bought it
                  | in a shop on level 4 of the Snake Pit)
 39545 | Snake:4  | Reached skill level 16 in Fighting
 40140 | Snake:4  | Got a serpentine rune of Zot
 40962 | Vaults:1 | Entered Level 1 of the Vaults
 40969 | Vaults:1 | Reached skill level 1 in Shields
 41207 | Vaults:1 | Received a gift from Trog
 41527 | Vaults:1 | Found a huge runed gate.
 41527 | Vaults:1 | Found a huge runed gate.
 41527 | Vaults:1 | Found a huge runed gate.
 41527 | Vaults:1 | Found a huge runed gate.
 41527 | Vaults:1 | Found a huge runed gate.
 41527 | Vaults:1 | Found a huge runed gate.
 41528 | Vaults:1 | Found a huge runed gate.
 41528 | Vaults:1 | Found a huge runed gate.
 41528 | Vaults:1 | Found a huge runed gate.
 41529 | Vaults:1 | Found a huge runed gate.
 41537 | Vaults:1 | Found a huge runed gate.
 41537 | Vaults:1 | Found a huge runed gate.
 41537 | Vaults:1 | Found a huge runed gate.
 41537 | Vaults:1 | Found a huge runed gate.
 41537 | Vaults:1 | Found a huge runed gate.
 41539 | Vaults:1 | Found a huge runed gate.
 41540 | Vaults:1 | Found a huge runed gate.
 41541 | Vaults:1 | Found a huge runed gate.
 41542 | Vaults:1 | Found a huge runed gate.
 41550 | Vaults:1 | Found a huge runed gate.
 41550 | Vaults:1 | Found a huge runed gate.
 41550 | Vaults:1 | Found a huge runed gate.
 41550 | Vaults:1 | Found a huge runed gate.
 41550 | Vaults:1 | Found a huge runed gate.
 41552 | Vaults:1 | Found a huge runed gate.
 41553 | Vaults:1 | Found a huge runed gate.
 41554 | Vaults:1 | Found a huge runed gate.
 41555 | Vaults:1 | Found a huge runed gate.
 41563 | Vaults:1 | Found a huge runed gate.
 41563 | Vaults:1 | Found a huge runed gate.
 41563 | Vaults:1 | Found a huge runed gate.
 41563 | Vaults:1 | Found a huge runed gate.
 41563 | Vaults:1 | Found a huge runed gate.
 41563 | Vaults:1 | Found a huge runed gate.
 41564 | Vaults:1 | Found a huge runed gate.
 41565 | Vaults:1 | Found a huge runed gate.
 41575 | Vaults:1 | You fall into a shaft and drop 1 floor!
 41685 | Vaults:2 | Reached skill level 15 in Dodging
 41961 | Vaults:2 | Reached skill level 17 in Fighting
 42045 | Vaults:2 | Found a staircase to the Crypt.
 42138 | Vaults:2 | Noticed Sojobo
 42155 | Vaults:2 | Reached skill level 5 in Shields
 42155 | Vaults:2 | Killed Sojobo
 42156 | Vaults:2 | Reached XP level 19. HP: 175/177 MP: 18/18
 42271 | Vaults:2 | Received a gift from Trog
 43101 | Vaults:2 | Received a gift from Trog
 43924 | Vaults:3 | Identified the "Ynum"
 43994 | Vaults:3 | Received a gift from Trog
 44234 | Vaults:3 | Reached skill level 18 in Fighting
 44749 | Vaults:3 | Identified the staff of the Unkillable {+Blink rC+ Ice}
 44769 | Vaults:3 | Received a gift from Trog
 45590 | Vaults:3 | Reached XP level 20. HP: 173/188 MP: 19/19
 46484 | Vaults:4 | Noticed Xtahua
 46492 | Vaults:4 | Killed Xtahua
 47120 | Vaults:4 | Reached skill level 10 in Shields
 47170 | Vaults:4 | Received a gift from Trog
 47327 | Vaults:4 | Identified the +1 pair of boots of Card Tricks {Dex+2}
 47779 | D:15     | Entered Level 15 of the Dungeon
 47838 | D:15     | Identified the granite talisman of Submission {Will- Int+6
                  | Stlth+}
 47838 | D:15     | Noticed Roxanne
 48233 | D:15     | Noticed Jorgrun
 48247 | D:15     | Killed Jorgrun
 49291 | D:15     | Killed Roxanne
 49482 | D:15     | Found a staircase to the Depths.
 49663 | Elf:1    | Entered Level 1 of the Elven Halls
 50355 | Elf:1    | Received a gift from Trog
 50563 | Elf:1    | Noticed Nikola
 50581 | Elf:1    | Killed Nikola
 51055 | Elf:2    | Identified the of Fuocim
 51468 | Elf:2    | Paralysed by an air elemental for 1 turns
 51530 | Elf:2    | Reached XP level 21. HP: 164/192 MP: 20/20
 52005 | Elf:2    | Found a runed translucent door.
 52034 | Elf:2    | Found a runed translucent door.
 52204 | Elf:3    | Entered Level 3 of the Elven Halls
 52370 | Elf:3    | Received a gift from Trog
 52818 | Elf:3    | Found an ancient bone altar of Kikubaaqudgha.
 53316 | Elf:3    | Reached skill level 15 in Shields
 54020 | Lair:2   | Killed gelatine's ghost
 54181 | Snake:4  | Bought a scroll of enchant armour for 217 gold pieces
 54181 | Snake:4  | Bought a dented bone amulet for 145 gold pieces
 54873 | Elf:2    | Received a gift from Trog
 56026 | Elf:3    | Identified the +5 ring mail "Gytoulla" {Harm Str+3}
 56041 | Elf:3    | Identified the +0 chain mail of the Spheres {Dex+5}
 56056 | Elf:3    | Identified the ring of Ekyas {rF+ Int+2}
 57053 | Elf:3    | Identified the +5 scimitar of Taitayd {spect, Int+5 Dex-2}
 57104 | Elf:3    | Received a gift from Trog
 57127 | Elf:3    | Identified the +9 battleaxe "Xovos" {flame, rElec rPois
                  | rF++ rCorr}
 57127 | Elf:3    | Identified the ring "Fuvoh" {Fly rElec rC+ MP-9}
 57312 | Elf:3    | Identified the +0 scale mail "Woenwuqy" {Will- Int+6
                  | Stlth+}
 57313 | Elf:3    | Identified the +2 helmet "Jedaxukko" {Dex+6}
 57357 | Elf:3    | Identified the staff "Plog" {rElec Will+ Ice Air}
 57435 | Elf:3    | Identified the serpent talisman of Wu Jian, Slashing {Will-
                  | rCorr MP+9 Stlth+}
 57441 | Elf:3    | Identified the amulet "Wirrumuc" {Acrobat Str+2}
 57469 | Elf:3    | Identified the +0 ring mail of Parlour Games {Str-4 Int+4}
 58303 | Crypt:1  | Entered Level 1 of the Crypt
 58357 | Crypt:1  | Found a magical portal.
 58373 | Crypt:1  | Reached skill level 19 in Fighting
 58597 | WizLab   | Entered Wucad Mu's Monastery
 59026 | WizLab   | Found the crystal ball of Wucad Mu {*channel}
 59109 | WizLab   | Reached XP level 22. HP: 206/206 MP: 21/21
 59402 | Crypt:1  | Reached XP level 23. HP: 180/213 MP: 22/22
 59851 | Crypt:1  | Identified the blade talisman of Snakes and Ladders {rElec
                  | rCorr Str+5 Int-4}
 59871 | Crypt:1  | Reached skill level 20 in Fighting
 60216 | Crypt:2  | Received a gift from Trog
 60797 | Crypt:3  | Entered Level 3 of the Crypt
 60976 | Crypt:2  | Found a basalt altar of Yredelemnul.
 61371 | Crypt:3  | Received a gift from Trog
 61482 | Crypt:3  | Found a staircase to the Tomb.
 61895 | Crypt:3  | Reached skill level 21 in Fighting
 62267 | Crypt:3  | Reached skill level 22 in Fighting
 62474 | Crypt:3  | Found an ancient bone altar of Kikubaaqudgha.
 62638 | Crypt:3  | Received a gift from Trog
 62753 | Crypt:3  | Identified the +2 quarterstaff of Analysis {heavy, Fragile
                  | rCorr Str+4 Int+3}
 62753 | Crypt:3  | Identified the ring "Dodeecro" {rElec rN+ Int+3 Dex+3}
 62773 | Crypt:3  | Noticed an ancient lich
 62773 | Crypt:3  | Noticed a dread lich
 62782 | Crypt:3  | Killed a dread lich
 62783 | Crypt:3  | Reached skill level 23 in Fighting
 62786 | Crypt:3  | Killed an ancient lich
 62794 | Crypt:3  | Identified the ring "Uhaigaq" {rC+ rN+ Int+2}
 62794 | Crypt:3  | Identified the ring of Brilliance {Ice *Corrode rN+ Str+5
                  | Int+3}
 62794 | Crypt:3  | Identified the ring "Tasiwut" {rN+ Int+3}
 62811 | Crypt:3  | Identified the staff "Reeri" {rN+ rCorr Necro}
 63924 | Snake:1  | Bought a phantom mirror for 1640 gold pieces
 64158 | Depths:1 | Entered Level 1 of the Depths
 64291 | Depths:1 | Reached skill level 24 in Fighting
 64540 | Depths:1 | Reached XP level 24. HP: 238/240 MP: 22/22
 64558 | Depths:1 | Found a gateway to Hell.
 64830 | Depths:1 | Reached skill level 25 in Fighting
 65010 | Depths:1 | Identified the +7 flail "Wunufun" {flame, rPois} (Trog
                  | gifted it to you on level 1 of the Depths)
 65010 | Depths:1 | Received a gift from Trog
 65126 | Depths:1 | Noticed a juggernaut
 65138 | Depths:1 | Killed a juggernaut
 65522 | Depths:1 | Noticed Norris
 65539 | Depths:1 | Killed Norris
 65682 | Depths:1 | Reached skill level 10 in Evocations
 65685 | Depths:1 | Identified the +1 mace of the Extremes {heavy, rC- Str+8
                  | Int+2}
 65758 | Depths:1 | Noticed a juggernaut
 66044 | Depths:1 | Identified the +4 sling "Demonbane" {heavy, rF+ rCorr Int+2
                  | Dex-3}
 66045 | Depths:1 | Identified the ring "Xuwef" {rC+ rN+ rCorr SInv}
 66079 | Depths:1 | Noticed a juggernaut
 66080 | Depths:1 | Received a gift from Trog
 66089 | Depths:1 | Killed a juggernaut
 66192 | Depths:1 | Killed a juggernaut
 66595 | Depths:2 | Found a one-way gate leading to the halls of Pandemonium.
 66706 | Depths:2 | Found a one-way gate to the infinite horrors of the Abyss.
 67117 | Depths:2 | Identified the staff "Dyutay" {rPois Str+3 Stlth+ Poison}
 67665 | Depths:3 | Reached XP level 25. HP: 240/250 MP: 22/22
 67744 | Depths:3 | Found a transporter.
 68089 | Depths:3 | Received a gift from Trog
 68109 | Depths:3 | Found an iron altar of Okawaru.
 68139 | Depths:3 | Found a transporter.
 68239 | Depths:4 | Entered Level 4 of the Depths
 68243 | Depths:4 | Found a one-way gateway to a ziggurat.
 68282 | Depths:4 | Found a portal to a secret trove of treasure.
 68414 | Depths:4 | Found Eqoiz's Book Shoppe.
 68417 | Depths:4 | Found Zirphiem's Jewellery Shop.
 68418 | Depths:4 | Found Carimut's Book Shoppe.
 68614 | Depths:4 | Found a corrupted altar of Lugonu.
 69126 | Depths:4 | Found a gate to the Realm of Zot.
 69575 | Snake:1  | Bought a potion of haste for 410 gold pieces
 69801 | Orc:2    | Bought a potion of haste for 300 gold pieces
 70146 | Vaults:5 | Entered Level 5 of the Vaults
 70176 | Vaults:5 | Reached skill level 10 in Throwing
 70259 | Vaults:5 | Received a gift from Trog
 70508 | Vaults:5 | Identified the +2 scimitar "Zegrile" {elec, Str+5}
 70508 | Vaults:5 | Identified the +0 steam dragon scales of Doimyrel {Contam
                  | rC+++ Dex+5}
 70538 | Vaults:5 | Noticed an ancient lich
 70541 | Vaults:5 | Killed an ancient lich
 70985 | Vaults:5 | Noticed a dread lich
 70994 | Vaults:5 | Killed a dread lich
 71121 | Vaults:5 | Identified the +0 quarterstaff of Cusigoca {chaos, Will-
                  | Dex+6 Stlth+}
 71136 | Vaults:5 | Identified the +9 dagger of Okhlilatz {drain, *Slow rC++
                  | Will+ Int+3}
 71260 | Vaults:5 | Noticed an ancient lich
 71270 | Vaults:5 | Killed an ancient lich
 71491 | Vaults:5 | Got a silver rune of Zot
 71629 | Vaults:5 | Identified the +3 mace "Hepyss" {flame, rF+ Str+2 Dex+3}
 71859 | Vaults:5 | Received a gift from Trog
 72685 | Depths:3 | Reached XP level 26. HP: 165/259 MP: 22/22
 72806 | Depths:3 | Identified the amulet "Limur" {Reflect Str+4 SH+5}
 72839 | Depths:3 | Identified the +5 battleaxe "Oggagg" {freeze, rPois rCorr
                  | Dex+4}
 72857 | Depths:3 | Identified the amulet of Xom's Capriciousness {Faith -Tele
                  | Str+3 Int+4}
 72865 | Depths:3 | Reached skill level 15 in Throwing
 72865 | Depths:3 | Reached skill level 15 in Evocations
 72865 | Depths:3 | Reached XP level 27. HP: 266/266 MP: 22/22
 72930 | Depths:4 | You paid a toll of 12 scrolls of teleportation to enter a
                  | treasure trove
 72931 | Trove    | Entered a treasure trove
 73325 | Snake:4  | Bought a potion of enlightenment for 175 gold pieces
 73325 | Snake:4  | Bought a sack of spiders for 1400 gold pieces
 73598 | Orc:2    | Bought a scroll of vulnerability for 120 gold pieces
 73803 | Snake:1  | Bought a wand of roots (2) for 196 gold pieces
 73803 | Snake:1  | Bought a scroll of immolation for 164 gold pieces
 73879 | Snake:4  | Bought 2 potions of mutation for 464 gold pieces
 74928 | Zot:1    | Entered Level 1 of the Realm of Zot
 76150 | Zot:2    | Received a gift from Trog
 76157 | Zot:2    | Noticed an orb of fire
 76158 | Zot:2    | Gained mutation: You are vulnerable to cold. (rC-) [an orb
                  | of fire]
 76174 | Zot:2    | Gained mutation: Your spells are a little easier to cast,
                  | but a little less powerful. [an orb of fire]
 76183 | Zot:2    | Killed an orb of fire
 76428 | Zot:2    | Lost mutation: Your spells are a little easier to cast, but
                  | a little less powerful. [potion of mutation]
 76428 | Zot:2    | Lost mutation: You are vulnerable to cold. (rC-) [potion of
                  | mutation]
 76428 | Zot:2    | Gained mutation: You have sharp toenails. [potion of
                  | mutation]
 76428 | Zot:2    | Gained mutation: Your flesh is heat resistant. (rF+)
                  | [potion of mutation]
 76660 | Zot:2    | Noticed an orb of fire
 76686 | Zot:2    | Gained mutation: Your magical capacity is low. (-10% MP)
                  | [an orb of fire]
 76690 | Zot:2    | Gained mutation: You sometimes lose your temper in combat.
                  | [an orb of fire]
 76691 | Zot:2    | Gained mutation: You are clumsy. (Dex -2) [an orb of fire]
 76700 | Zot:2    | Killed an orb of fire
 77015 | Zot:2    | Found a runed translucent gate.
 77016 | Zot:2    | Found a runed translucent gate.
 77016 | Zot:2    | Found a runed translucent gate.
 77018 | Zot:2    | Noticed Giurur's ghost (veteran OgBe)
 77018 | Zot:2    | Noticed Civybe Ogenn's ghost (legendary DsFi)
 77018 | Zot:2    | Noticed Zeaxzic Paph's ghost (veteran OgBe)
 77105 | Zot:2    | Noticed Grunn
 77107 | Zot:2    | Reached skill level 26 in Fighting
 77120 | Zot:2    | Killed Grunn
 77636 | Zot:2    | Lost mutation: You have sharp toenails. [potion of
                  | mutation]
 77636 | Zot:2    | Lost mutation: You are clumsy. (Dex -2) [potion of
                  | mutation]
 77636 | Zot:2    | Lost mutation: Your flesh is heat resistant. (rF+) [potion
                  | of mutation]
 77636 | Zot:2    | Gained mutation: Your muscles are strong. (Str +4, Int/Dex
                  | -1) [potion of mutation]
 77636 | Zot:2    | Gained mutation: You have an uncontrollable temper. [potion
                  | of mutation]
 77637 | Zot:2    | Lost mutation: Your magical capacity is low. (-10% MP)
                  | [potion of mutation]
 77637 | Zot:2    | Lost mutation: You have an uncontrollable temper. [potion
                  | of mutation]
 77637 | Zot:2    | Lost mutation: Your muscles are strong. (Str +4, Int/Dex
                  | -1) [potion of mutation]
 77637 | Zot:2    | Gained mutation: You are clumsy. (Dex -2) [potion of
                  | mutation]
 77638 | Zot:2    | Lost mutation: You sometimes lose your temper in combat.
                  | [potion of mutation]
 77638 | Zot:2    | Lost mutation: You are clumsy. (Dex -2) [potion of
                  | mutation]
 77638 | Zot:2    | Gained mutation: Your natural rate of healing is unusually
                  | fast. [potion of mutation]
 78900 | Zot:4    | Received a gift from Trog
 80174 | Zot:5    | Entered Level 5 of the Realm of Zot
 80236 | Zot:5    | Reached skill level 27 in Fighting
 81011 | Zot:5    | Noticed an ancient lich
 81019 | Zot:5    | Killed an ancient lich
 81201 | Zot:5    | Noticed an orb of fire
 81203 | Zot:5    | Noticed an orb of fire
 81204 | Zot:5    | Killed an orb of fire
 81206 | Zot:5    | Noticed an orb of fire
 81207 | Zot:5    | Received a gift from Trog
 81208 | Zot:5    | Killed an orb of fire
 81209 | Zot:5    | Noticed an orb of fire
 81211 | Zot:5    | Killed an orb of fire
 81212 | Zot:5    | Gained mutation: You sometimes lose your temper in combat.
                  | [an orb of fire]
 81217 | Zot:5    | Gained mutation: You are vulnerable to heat. (rF-) [an orb
                  | of fire]
 81218 | Zot:5    | Gained mutation: You are agile. (Dex +4, Str/Int -1) [an
                  | orb of fire]
 81220 | Zot:5    | Killed an orb of fire
 81264 | Zot:5    | a Killer Klown changed into a juggernaut
 81264 | Zot:5    | Noticed a juggernaut
 81271 | Zot:5    | Killed a juggernaut
 81276 | Zot:5    | Noticed a dread lich
 81293 | Zot:5    | Killed a dread lich
 81365 | Zot:5    | Lost mutation: Your natural rate of healing is unusually
                  | fast. [potion of mutation]
 81365 | Zot:5    | Lost mutation: You are vulnerable to heat. (rF-) [potion of
                  | mutation]
 81365 | Zot:5    | Lost mutation: You sometimes lose your temper in combat.
                  | [potion of mutation]
 81365 | Zot:5    | Gained mutation: You are partially covered in iridescent
                  | scales. (AC +2) [potion of mutation]
 81365 | Zot:5    | Lost mutation: You are agile. (Dex +4, Str/Int -1) [potion
                  | of mutation]
 81365 | Zot:5    | Gained mutation: You occasionally shout uncontrollably at
                  | your foes. [potion of mutation]
 82003 | Zot:5    | Got the Orb of Zot
 82124 | Zot:2    | Noticed a seraph
 82362 | D:14     | Noticed Test the pandemonium lord
 82425 | D:8      | Noticed Doitzeog the pandemonium lord
 82539 | D:3      | Received a gift from Trog
 82634 | D:$      | Escaped with the Orb!

Illustrated notes

Levels and vault maps discovered:
D:1:      nicolae_arrival_washed_ashore, layout_loops_ring, serial_aquarium,
          aquarium_bridge_straight [aquarium_subvault_bridge,
          aquarium_subvault_window, aquarium_subvault_bridge,
          aquarium_subvault_balcony], aquarium_bridge_island_small
          [aquarium_subvault_small_water, aquarium_subvault_balcony,
          aquarium_subvault_wall, aquarium_subvault_wall,
          aquarium_subvault_bridge], aquarium_window_fake, aquarium_window_1,
          aquarium_view_2f, aquarium_view_2c, minmay_pentomino_r2
D:2:      layout_loops_ring, dreamdust_ecumenical_altar_drowned_temple,
          fountainhead, uniq_sigmund, uniq_natasha, uniq_terence
D:3:      kennysheep_slugbush, layout_basic, minmay_misc_feat_room,
          minmay_misc_feat_rugged
D:4:      layout_cave_pods, kennysheep_little_box, chei_slow_surprise,
          uniq_duvessa
D:5:      nicolae_BIG_FREAKIN_CUBE, layout_gridville,
          chequers_serial_rivers_small_3, nicolae_stop_n_shop_1,
          kennysheep_generic_room_15
D:6:      layout_layer_cave, minmay_temple_entry_waves
D:7:      layout_layer_cave, grunt_temple_overflow_open, serial_shops,
          nicolae_inconvenience_store
D:8:      layout_rooms, kennysheep_mini_moat, enter_ossuary_2, uniq_maurice
D:9:      layout_long_grid, nicolae_wu_jian_glorious_leap, david_lair_generic
D:10:     layout_roguey, lemuel_tele_altar, kennysheep_doodads
D:11:     layout_long_grid, david_orc_3, serial_shops, shop, uniq_amaemon,
          uniq_snorg
D:12:     layout_layer_cave, gauntlet_entry_generic, uniq_azrael
D:13:     layout_basic, uniq_josephine
D:14:     layout_rooms, ximxim_vaults_locker_room, nemelex_altar_shiori
D:15:     gammafunk_enter_depths_forms, layout_stronghold,
          chequers_serial_rivers_micro_a, uniq_jorgrun, uniq_roxanne
Lair:1:   layout_layer_cave
Lair:2:   layout_cellular_growth, gammafunk_ghost_wrathful_warriors,
          small_statue_intersection, uniq_maggie
Lair:3:   layout_chaotic_city, palyth_hydra_swamp_entry,
          guppyfry_snake_entry_island, serial_bayou_shore_a, uniq_sonja
Lair:4:   layout_regular_city
Lair:5:   gammafunk_lair_ancient_temple, layout_gridlike,
          nicolae_slime_entry_field_trip, gammafunk_lair_bear_cave
Swamp:1:  layout_basic_swamp, evilmike_swamp_ruin_house_5, uniq_louise
Swamp:2:  layout_basic_swamp, evilmike_swamp_ruin_house_1
Swamp:3:  layout_basic_swamp, evilmike_swamp_ruin_house_6
Swamp:4:  byrel_swamp_growth_death_and_undeath, layout_basic_swamp,
          ebering_ghost_reflecting_pool, swamp_pool5,
          nicolae_swamp_nymph_family_reunion
Snake:1:  layout_gridlike, serial_shops, shop_statue, basic_altar, drop_trap,
          nicolae_snake_snakewalk
Snake:2:  layout_basic, uniq_vashnia, uniq_mlioglotl
Snake:3:  layout_cave_town, basic_altar, uniq_aizul
Snake:4:  minmay_snake_end_coiled, layout_cave_shapes, minmay_shop_star
Orc:1:    layout_caves, rock_pile
Orc:2:    st_orc_ogre_mass, layout_caves
Elf:1:    minmay_elf_arrival_plus, layout_geoelf_octagon,
          hangedman_elf_disciples, drop_trap, uniq_nikola
Elf:2:    nicolae_elf_blades_splatter_lattice
          [nicolae_blade_entry_splitting_headache], layout_onion_city,
          minivault_15
Elf:3:    nooodl_elf_gasket, layout_loops_corners, basic_altar, st_stairs_1,
          drop_trap, minivault_20
Vaults:1: nicolae_vaults_yaktaur_gun_rack, nicolae_vaults_mitosis,
          hangedman_vaults_slice, not_door_vault_mu, v_rooms_1, st_lattice,
          nicolae_vaults_diamond_2, vaults_mumra_minichess,
          hangedman_vaults_locks, nicolae_vaults_ring_of_whatevers,
          layout_vaults_omnibox
Vaults:2: nicolae_vaults_six-pack, nicolae_vaults_shock_wave,
          minmay_crypt_entry_skeletal_spiral, vaults_mumra_hex,
          grunt_vaults_hallway_long, nicolae_vaults_network_star, serial_ice_h,
          v_misc_31, nicolae_vaults_storage_closets_1, vaults_room_fours,
          layout_vaults_omnicross, uniq_sojobo, uniq_margery
Vaults:3: vaults_room_hallway, nicolae_vaults_network_quinsquares
          [nicolae_vaults_network_quincunx_subvault,
          nicolae_vaults_network_quincunx_subvault,
          nicolae_vaults_network_quincunx_subvault,
          nicolae_vaults_network_quincunx_subvault], v_misc_15,
          vaults_mumra_lcd, v_misc_1, hangedman_vaults_trim,
          ontoclasm_vaults_chip, nicolae_vaults_trapezoid_1,
          nicolae_vaults_storage_room_water, nicolae_vaults_trapezoid_4,
          grunt_vaults_hallway_short, ontoclasm_vaults_chip,
          nicolae_vaults_rhombus_7, nicolae_vaults_border_crossing,
          nicolae_vaults_tetromino_L_2, layout_vaults_ring
Vaults:4: nicolae_vaults_little_squares_1, vaults_mumra_chevron,
          ontoclasm_vaults_spin, v_misc_30, nicolae_vaults_turnstiles,
          v_misc_14, layout_vaults_quadrants, uniq_xtahua
Vaults:5
Crypt:1:  layout_misc_corridors, mu_enter_wizlab_1, grunt_megastairs_4
Crypt:2:  layout_chaotic_city, corexii_leaking_fountain, lemuel_upstairs_altar
Crypt:3:  evilmike_haunted_forest
Depths:1: minmay_octagon_city, layout_gridlike, minmay_misc_feat_encased,
          hell_entry, nicolae_the_louvre, serial_bayou_shore_b, uniq_norris
Depths:2: grunt_twist_and_shout, layout_gridlike, hell_entry,
          rand_demon_pan_entry_3, hangedman_decor_opposing, abyss_entry,
          infiniplex_staircase_pillars_3b
Depths:3: gammafunk_dig_for_victory, layout_cave_pools,
          abyss_entry_small_statue_room, okawaru_ov_weapons_minmay,
          grunt_hell_entry_dis_mu
Depths:4: grunt_zot_entry_pinwheel, layout_basic, enter_ziggurat_a,
          chequers_hall_statues_wall_a, abyss_entry_flame_altar,
          nicolae_trove_entry_free_sample, hell_entry,
          nicolae_twisty_statue_hallways, minmay_shop_grove
Zot:1:    layout_cellular_growth, grunt_megastairs_5
Zot:2:    layout_basic, regret_index_zotdec_onion_hex, gammafunk_ghost_cemetery,
          hangedman_zot_wheel_spokes, hangedman_elemental_grid_stream,
          uniq_grunn
Zot:3:    layout_gridlike, regret_index_zotdec_decaying_basic
Zot:4:    layout_onion, regret_index_zotdec_fiery_em, grunt_megastairs_1,
          uniq_josephina
Zot:5:    layout_misc_corridors, bh_zot_levy_curve

Skill      XL: |  1  2  3  4  5  6  7  8  9 10 11 12 13 14 15 16 17 18 19 20 21 22 23 24 25 26 27 |
---------------+----------------------------------------------------------------------------------+-----
Fighting       | 4 5 6 7 8 9 10 12 14 15 17 18 19 24 25 27 | 27.0
Armour         | 3 4 5 7 8 10 11 14 15 16 18 19 20 21 22 | 22.0
Polearms       | 1 2 3 5 6 8 10 12 15 16 | 16.0
Evocations     | 1 2 4 5 6 12 14 15 19 | 19.4
Throwing       | 2 4 5 7 14 15 20 | 20.8
Axes           | 6 10 14 18 22 | 22.1
Dodging        | 5 9 11 12 15 16 18 | 18.4
Shields        | 5 8 13 19 22 | 22.0
Maces & Flails | |  3.6

Action                     |  1- 3 |  4- 6 |  7- 9 | 10-12 | 13-15 | 16-18 | 19-21 | 22-24 | 25-27 || total
---------------------------+-------+-------+-------+-------+-------+-------+-------+-------+-------++-------
  Melee: Mace              |    59 |    17 |    68 |       |       |       |       |       |       ||   144
         Headbutt          |     9 |    20 |    57 |    74 |   223 |   151 |   234 |   286 |   330 ||  1384
         Trident           |     1 |    87 |   156 |       |       |       |       |       |       ||   244
         Punch             |       |       |     2 |       |       |       |       |       |       ||     2
         Halberd           |       |       |   125 |   497 |   739 |       |       |       |       ||  1361
         Glaive            |       |       |       |       |   491 |   364 |       |       |       ||   855
         Executioner's axe |       |       |       |       |       |   550 |   709 |       |       ||  1259
         Broad axe         |       |       |       |       |       |       |   475 |   993 |  1131 ||  2599
  Throw: Stone             |     1 |     5 |       |       |       |       |       |       |       ||     6
         Boomerang         |       |       |    10 |       |    32 |    97 |    35 |    36 |   215 ||   425
         Dart              |       |       |     9 |    28 |   196 |     5 |     5 |       |       ||   243
         Throwing net      |       |       |       |       |     1 |       |       |     1 |       ||     2
         Javelin           |       |       |       |       |       |       |     3 |       |    21 ||    24
 Invoke: Berserk           |       |     2 |     5 |     1 |     1 |       |       |       |       ||     9
         Trog's Hand       |       |       |       |     4 |     5 |    10 |    20 |     9 |     9 ||    57
         Brothers in Arms  |       |       |       |     2 |     4 |     4 |     4 |     2 |     3 ||    19
  Evoke: Wand              |       |       |       |    31 |    12 |    82 |    10 |     2 |    45 ||   182
         Lightning rod     |       |       |       |       |       |     4 |       |       |       ||     4
         Tin of tremorston |       |       |       |       |       |     4 |     2 |       |     2 ||     8
         Phial of floods   |       |       |       |       |       |     1 |       |       |       ||     1
    Use: Scroll            |       |     4 |    12 |     9 |    16 |    14 |    24 |     6 |    18 ||   103
         Potion            |       |       |       |       |     3 |    15 |    19 |     4 |    29 ||    70
   Stab: Sleeping          |     1 |       |       |       |       |       |       |       |       ||     1
         Betrayed ally     |       |       |       |     1 |       |       |       |       |     1 ||     2
         Distracted        |       |       |       |       |       |     4 |       |     1 |       ||     5
         Invisible         |       |       |       |       |       |     1 |       |       |     8 ||     9
 Armour: Animal skin       |    19 |       |       |       |       |       |       |       |       ||    19
         Leather armour    |    24 |       |       |       |       |       |       |       |       ||    24
         Ring mail         |     2 |    57 |    23 |       |       |       |       |       |       ||    82
         Scale mail        |       |       |   196 |    56 |       |       |       |       |       ||   252
         Plate armour      |       |       |       |   289 |   645 |   684 |   815 |   369 |   611 ||  3413
         Skin              |       |       |       |       |       |       |       |     5 |    23 ||    28
  Dodge: Dodged            |    49 |    36 |   135 |   175 |   390 |   747 |   828 |   362 |   374 ||  3096
  Block: Other             |       |       |       |       |       |     3 |       |       |       ||     3
         Tower shield      |       |       |       |       |       |       |   798 |  1329 |  1484 ||  3611
         Reflection        |       |       |       |       |       |       |    15 |     8 |    33 ||    56

Table legend: (Time is in decaauts)
 A = Elapsed time spent in this place.
 B = Non-inter-level travel time spent in this place.
 C = Inter-level travel time spent in this place.
 D = Time resting spent in this place.
 E = Time spent auto-exploring this place.
 F = Levels seen in this place.
 G = Mean time per level.
                   A        B        C        D        E       F      G
               +--------+--------+--------+--------+--------+-----+--------+
         Total |  84544 |  71407 |  13137 |  15405 |   8673 |  54 | 1565.6 |
       Dungeon |  22764 |  18020 |   4744 |   2769 |   3312 |  15 | 1517.6 |
          Lair |   9073 |   7263 |   1810 |   1332 |   1776 |   5 | 1814.6 |
         Swamp |   5780 |   5344 |    436 |   2381 |    479 |   4 | 1445.0 |
     Snake Pit |   7036 |   5851 |   1185 |   1510 |    638 |   4 | 1759.0 |
  Orcish Mines |   2990 |   2007 |    983 |    329 |     26 |   2 | 1495.0 |
   Elven Halls |   7246 |   5957 |   1289 |   1404 |    209 |   3 | 2415.3 |
        Vaults |   9766 |   8600 |   1166 |   2059 |    862 |   5 | 1953.2 |
         Crypt |   4547 |   4170 |    377 |    423 |    350 |   3 | 1515.7 |
        Depths |   6764 |   5910 |    854 |   1268 |    380 |   4 | 1691.0 |
           Zot |   7293 |   7005 |    288 |   1828 |    639 |   5 | 1458.6 |
         Trove |     65 |     65 |      0 |      0 |      0 |   1 |   65.0 |
       Ossuary |    183 |    183 |      0 |     18 |      0 |   1 |  183.0 |
        Wizlab |    641 |    641 |      0 |     70 |      0 |   1 |  641.0 |
      Gauntlet |    390 |    390 |      0 |     11 |      0 |   1 |  390.0 |
               +--------+--------+--------+--------+--------+-----+--------+

Top non-repeatable levels by time:
   Elf:3: 3072 daAuts
   Elf:2: 2707 daAuts
    D:14: 2530 daAuts
Depths:1: 2446 daAuts
 Crypt:3: 2415 daAuts
Vaults:5: 2342 daAuts
    D:15: 2322 daAuts
  Lair:1: 2291 daAuts
  Lair:3: 2254 daAuts
Vaults:2: 2026 daAuts
   Orc:2: 2004 daAuts
Vaults:1: 1977 daAuts
   Zot:5: 1958 daAuts
     D:9: 1949 daAuts
 Snake:4: 1913 daAuts
